 Dungeon Crawl Stone Soup version 0.30-a0-908-g5a111fc481 (webtiles) character file.

Game seed: 16747586666052692493

100095 tilp the Carver (level 17, -15/151 HPs)
             Began as a Meteoran Fighter on Mar 19, 2023.
             Was an Elder of Okawaru.
             Engulfed by a bog body's freezing vapour (18 damage)
             ... on level 3 of the Swamp.
             The game lasted 01:01:18 (12889 turns).

tilp the Carver (Meteoran Fighter)                 Turns: 12889, Time: 01:01:19

Health: -15/151    AC: 25    Str: 17    XL:     17   Next: 33%
Magic:  27/27      EV: 21    Int: 12    God:    Okawaru [****..]
Gold:   898        SH: 14    Dex: 21    Spells: 16/16 levels left

rFire   + + +      SeeInvis .    a - +0 scimitar (freeze)
rCold   . . .      Faith    .    K - +0 kite shield
rNeg    + + +      Spirit   .    D - +1 scale mail of Boredom {*Slow rC+ Will+ rCorr}
rPois   .          Reflect  .    d - +1 helmet
rElec   .          Rampage  .    A - +2 cloak
rCorr   +                        i - +2 pair of gloves
Will    +++..                    (no boots)
Stlth   +                        u - amulet of the acrobat
HPRegen 0.45/turn                M - ring of Zionnoi {Drain rF+++ rC- rN+++ AC+4}
MPRegen 0.20/turn                L - ring of flight

@: heroic, flying, glowing
A: sense surroundings 2, otherworldly, glowing, explore regen
a: Renounce Religion, Heroism, Finesse


You were on level 3 of the Swamp.
You worshipped Okawaru.
Okawaru was greatly pleased with you.
You visited 5 branches of the dungeon, and saw 26 of its levels.
You also visited: Sewer and Bailey.

You collected 1956 gold pieces.
You spent 1058 gold pieces at shops.

Inventory:

Hand Weapons
 a - a +0 scimitar of freezing (weapon)
 b - the +5 short sword "Soseciul" {venom, rC+ rCorr Int+2}
   (You found it on level 2 of the Lair of Beasts)

   Int:       It affects your intelligence (+2).
   rC:        It protects you from cold.
   rCorr:     It protects you from acid and corrosion.
 v - a +1 great sword of holy wrath
 V - a +3 great sword
Missiles
 f - 5 silver javelins
 g - a boomerang of dispersal
 j - 6 atropa-tipped darts
 o - 5 throwing nets {!f}
 p - 23 poisoned darts (quivered)
 G - 29 boomerangs
 Q - 16 javelins
 T - 2 silver boomerangs
Armour
 d - a +1 helmet (worn)
 i - a +2 pair of gloves (worn)
 A - a +2 cloak (worn)
 D - the +1 scale mail of Boredom (worn) {*Slow rC+ Will+ rCorr}
   (You found it on level 6 of the Dungeon)

   rC:        It protects you from cold.
   rCorr:     It protects you from acid and corrosion.
   *Slow:     It may slow you when you take damage.
   Will:      It increases your willpower.
 K - a +0 kite shield (worn)
Jewellery
 r - a ring of ice
 u - an amulet of the acrobat (around neck)
 C - a ring of resist corrosion
 L - a ring of flight (right hand)
 M - the ring of Zionnoi (left hand) {Drain rF+++ rC- rN+++ AC+4}
   (You acquired it in a bailey)

   [ring of protection]

   AC:        It affects your AC (+4).
   rF:        It renders you almost immune to fire.
   rC:        It makes you vulnerable to cold.
   rN:        It renders you almost immune to negative energy.
   Drain:     It drains your maximum health when unequipped.
 P - the amulet "Vuiwkaf" {rPois Regen+ Int+5 Dex-5 Slay-3}
   (You found it on level 5 of the Lair of Beasts)

   [amulet of regeneration]

   Int:       It affects your intelligence (+5).
   Dex:       It affects your dexterity (-5).
   Slay:      It affects your accuracy & damage with ranged weapons and melee
   (-3).
   rPois:     It protects you from poison.
   Regen:     It increases your rate of health regeneration.
 S - a ring of protection from cold
Wands
 e - a wand of mindburst (21)
 t - a wand of flame (32)
 w - a wand of quicksilver (5)
 E - a wand of polymorph (5)
 I - a wand of digging (3)
 J - a wand of iceblast (11)
Scrolls
 c - 2 scrolls of torment
 h - 6 scrolls of fog
 m - a scroll of brand weapon
 y - 2 scrolls of blinking
 z - 2 scrolls of silence
 B - 3 scrolls of fear
 H - 8 scrolls of teleportation
 R - 3 scrolls of enchant weapon
 W - a scroll of magic mapping
 X - 2 scrolls of vulnerability
 Y - a scroll of immolation
Potions
 k - 3 potions of ambrosia
 l - a potion of mutation
 n - 3 potions of attraction
 q - 2 potions of resistance
 s - a potion of might
 x - 2 potions of flight
 F - a potion of haste
 N - 2 potions of heal wounds
 O - 5 potions of magic
 Z - 3 potions of curing
Miscellaneous
 U - a tin of tremorstones (2/2)


   Skills:
 * Level 13.7(18.7) Fighting
 + Level 14.9(19.9) Long Blades
 + Level 9.7(14.7) Throwing
 + Level 11.3(16.3) Armour
 * Level 14.0(19.0) Dodging
 - Level 8.2(13.2) Shields
 + Level 13.2 Invocations
 + Level 9.6 Evocations


You had 16 spell levels left.
You didn't know any spells.
Your spell library was empty.

Dungeon Overview and Level Annotations

Branches:
Dungeon (15/15) Zot: 1128  Temple (1/1) D:7 Zot: 598    Lair (5/5) D:8 Zot: 343
  Swamp (3/4) Lair:3 Zot: 1470  Spider (0/4) Lair:2        Slime (0/5) Lair:5
    Orc (2/2) D:9 Zot: 171     Elf (0/3) Orc:2         Sewer (visited)
 Bailey (visited)
 Vaults: D:13-14     Depths: D:15

Altars:
Ashenzari
Cheibriados
Dithmenos
Fedhas
Gozag
Hepliaklqana
Kikubaaqudgha
Makhleb
Nemelex Xobeh
Okawaru
Qazlal
Ru
Sif Muna
Trog
Uskayaw
Vehumet
Wu Jian
Xom
Yredelemnul
Zin
The Shining One

Shops:
D:5 *[!   D:11 ?   Orc:1 *   Orc:2 :**[(

Annotations:
D:3 1 transporter
D:5 2 transporters
D:15 Roxanne


Innate Abilities, Weirdness & Mutations

You passively map the area around you.
You are easily found by Zot.
You glow in the dark.
You regain HP and MP as you explore.


Message History

You slash the swamp dragon! You freeze the swamp dragon.
The swamp dragon is lightly wounded.
The swamp dragon bites you.
* * * LOW HITPOINT WARNING * * *
You block the swamp dragon's attack.
The swamp dragon tramples you but does no damage.
The goliath frog barely misses you.
You hit the swamp dragon. You freeze the swamp dragon.
The swamp dragon is moderately wounded.
The swamp dragon barely misses you. You block the swamp dragon's attack.
The swamp dragon closely misses you. You block the goliath frog's attack.
Unknown command.
You slash the swamp dragon! You freeze the swamp dragon!
The swamp dragon is severely wounded.
The swamp dragon closely misses you. You block the swamp dragon's attack.
The swamp dragon tramples you but does no damage.
The goliath frog misses you.
You slice the swamp dragon!! You freeze the swamp dragon!
You kill the swamp dragon!
Okawaru accepts your kill.
You hear a splash.
The swamp dragon scales are intact enough to wear.
You block the goliath frog's attack. The bog body casts a spell at you.
The bolt of cold hits you!
* * * LOW HITPOINT WARNING * * *
The goliath frog hits you but does no damage.
The bog body casts a spell at you. You resist with almost no effort.
You barely miss the goliath frog. The goliath frog hits you!
* * * LOW HITPOINT WARNING * * *
You are splashed with acid.
You resist.
* * * LOW HITPOINT WARNING * * *
You barely miss the goliath frog.
The bog body points at you and mumbles some strange words.
The bolt of cold misses you.
The goliath frog hits you but does no damage.
Unknown command.
You miss the goliath frog.
You are engulfed in freezing vapours.
You die...

* , ♣~~~~...♣♣ , ~
♣♣♣♣♣♣~~~...~♣ ,, ,~
~.♣~~~~.~~~...~♣*♣
,~ > ,~
♣~§~~♣.~~~.♣♣♣♣.~. ,
* ~.~~~♣~~~~.~♣♣.~~.
~ ~
♣~~~...~§~..~n~~~~ ~
,~
<~~~..~~..~°°~~~~.**
~ *
.~~~........~~~~.. *
~ *
.§~§..~.°@F~~~~~~.
~,, * ~~
~.~~~~..~[~~~~~~~.♣
* ,
~.~§~.[~~~.~§~~(♣♣ ~
~~~...§.>...~~~~~..
, * < ~
~~...~.~.♣~...^.~~,
* ,
...~~~.~..~♣♣♣♣.., ,
~ *~* ♣♣.~~~..~~~♣
.,** ♣.~.~.~.~.. ,
,, , ♣♣♣(~~..... ,
,,


You could see a goliath frog and a bog body.

Vanquished Creatures
  2 orc warlords
  2 bunyips
  2 dire elephants (Lair:5)
  Harold (D:9)
  A hydra (Lair:2)
  A catoblepas (Lair:3)
  2 centaur warriors
  2 boulder beetles
  4 death yaks
  4 two-headed ogres
  An orc high priest (Orc:2)
  Nergalle (Arena)
  A spectral dire elephant (Lair:5)
  A spectral death yak (Lair:5)
  A skyshark (Lair:2)
  A spectral anaconda (Lair:5)
  2 swamp dragons (Swamp:3)
  A goliath frog (Swamp:1)
  An obsidian statue (Lair:5)
  A bog body (Swamp:1)
  4 necromancers (Lair:5)
  3 deep elf pyromancers
  6 orc knights
  A cyclops (D:12)
  A will-o-the-wisp (Arena)
  A manticore (D:12)
  An orc sorcerer (Orc:2)
  11 ugly things
  A torpor snail (Lair:5)
  A dire elephant skeleton (Lair:5)
  28 elephants
  5 black mambas
  Maggie (D:7)
  An unseen horror (D:13)
  5 cane toads
  3 gargoyles (D:11)
  Psyche (D:12)
  4 rime drakes
  5 komodo dragons
  4 trolls
  A meliai (Lair:2)
  2 tyrant leeches
  7 polar bears
  2 hornets
  12 blink frogs
  3 dream sheep
  9 slime creatures
  Sigmund (D:2)
  2 shadows
  4 spriggans
  3 wraiths
  15 yaks
  4 wyverns
  A golden eye (shapeshifter) (D:13)
  Eustachio (D:5)
  3 basilisks
  12 vampire mosquitoes
  A spectral cane toad (Lair:5)
  Menkaure (D:5)
  A death yak simulacrum (Lair:5)
  2 wargs
  3 swamp worms
  9 water moccasins
  Duvessa (D:4)
  3 sky beasts
  27 orc warriors
  12 black bears
  An ice beast (D:5)
  8 wolves
  4 ogres
  9 centaurs
  An elephant skeleton (Lair:5)
  3 kobold brigands
  2 gnoll sergeants
  8 bullfrogs
  Dowan (D:4)
  4 killer bees
  An elephant simulacrum (Lair:5)
  9 electric eels
  5 howler monkeys
  5 hounds
  4 jellies
  A gnoll bouda (Orc:1)
  12 orc priests
  Crazy Yiuf (D:4)
  Ijyb (D:5)
  4 iguanas
  2 sleepcaps
  16 orc wizards
  4 hell rats (Lair:5)
  Robin (D:2)
  16 gnolls
  9 adders
  A shadow imp (D:6)
  An ufetubus (D:5)
  4 worms
  A dart slug (D:5)
  54 orcs
  2 ball pythons
  5 endoplasms
  4 giant cockroaches
  14 goblins
  9 hobgoblins
  3 jackals (Sewer)
  28 kobolds
  5 quokkas
  3 bats
527 creatures vanquished.

Vanquished Creatures (others)
  A dream sheep (Lair:5)
  2 bushes (D:7)
  8 foxfires
  11 fungi
  15 plants
  16 withered plants (Lair:5)
53 creatures vanquished.

Grand Total: 580 creatures vanquished

Notes
Turn   | Place    | Note
-------+----------+-------------------------------------------
     0 | D:1      | tilp the Meteoran Fighter began the quest for the Orb.
     0 | D:1      | Reached XP level 1. HP: 19/19 MP: 2/2
    46 | D:1      | Reached XP level 2. HP: 25/26 MP: 3/3
   132 | D:1      | Reached skill level 1 in Dodging
   261 | D:2      | Reached XP level 3. HP: 26/31 MP: 4/4
   267 | D:2      | Noticed Sigmund
   278 | D:2      | Killed Sigmund
   279 | D:2      | Reached skill level 5 in Long Blades
   279 | D:2      | Reached XP level 4. HP: 14/40 MP: 5/5
   279 | D:2      | Reached XP level 5. HP: 16/46 MP: 6/6
   279 | D:2      | Reached XP level 6. HP: 19/52 MP: 7/7
   316 | D:2      | Noticed Robin
   348 | D:2      | Killed Robin
   449 | D:3      | Found a transporter.
   477 | D:3      | Noticed a toenail golem
   787 | D:3      | You fall into a shaft and drop 2 floors!
   787 | D:5      | Entered Level 5 of the Dungeon
   787 | D:5      | Found Liorghiol's Assorted Antiques.
   799 | D:5      | Bought a scroll labelled PUX UCSIGEMUXE for 28 gold pieces
   799 | D:5      | Bought a scroll labelled ULOIKA JITAFRULI for 28 gold
                  | pieces
   909 | D:5      | Found a transporter.
   913 | D:5      | Noticed Eustachio
   956 | D:5      | Killed Eustachio
   957 | D:5      | Reached skill level 1 in Throwing
   957 | D:5      | Reached skill level 1 in Evocations
   957 | D:5      | Reached XP level 7. HP: 21/60 MP: 8/8
   963 | D:5      | Found a transporter.
   976 | D:5      | Noticed Ijyb
   994 | D:5      | Killed Ijyb
  1064 | D:5      | Found Femynez's Distillery.
  1074 | D:5      | Noticed Menkaure
  1090 | D:5      | Killed Menkaure
  1091 | D:5      | Reached skill level 5 in Fighting
  1091 | D:5      | Reached XP level 8. HP: 12/68 MP: 9/9
  1156 | D:5      | Found Yruuv's Armour Emporium.
  1199 | D:5      | Found a glowing drain.
  1215 | Sewer    | Entered a sewer
  1336 | Sewer    | Reached skill level 5 in Evocations
  1336 | Sewer    | Gained mutation: You passively map the area around you.
                  | [Meteoran growth]
  1336 | Sewer    | Reached XP level 9. HP: 81/81 MP: 10/10
  1531 | D:5      | Found Netwest's Armour Boutique.
  1677 | D:5      | Bought a potion of degeneration for 13 gold pieces
  1677 | D:5      | Bought a potion of lignification for 39 gold pieces
  1677 | D:5      | Bought a potion of flight for 39 gold pieces
  1765 | D:4      | Reached skill level 10 in Long Blades
  1946 | D:4      | Noticed Dowan
  1946 | D:4      | Noticed Duvessa
  1959 | D:4      | Killed Duvessa
  1971 | D:4      | Killed Dowan
  2006 | D:4      | Reached skill level 5 in Throwing
  2016 | D:4      | Found a runed translucent door.
  2017 | D:4      | Noticed Crazy Yiuf
  2023 | D:4      | Killed Crazy Yiuf
  2633 | D:6      | Reached XP level 10. HP: 83/88 MP: 11/11
  2826 | D:6      | Identified the +1 scale mail of Boredom {*Slow rC+ Will+
                  | rCorr}
  3193 | D:7      | Found a staircase to the Ecumenical Temple.
  3199 | Temple   | Entered the Ecumenical Temple
  3296 | D:7      | Noticed Maggie
  3313 | D:7      | Killed Maggie
  3730 | D:9      | Noticed Harold
  3746 | D:9      | Killed Harold
  3747 | D:9      | Reached XP level 11. HP: 97/97 MP: 12/12
  3861 | D:9      | Found a flagged portal.
  3884 | Bailey   | Entered a bailey
  3902 | Bailey   | Noticed an orc warlord
  4042 | Bailey   | Found a runed translucent gate.
  4044 | Bailey   | Found a runed translucent gate.
  4046 | Bailey   | Found a runed translucent gate.
  4162 | Bailey   | Killed an orc warlord
  4163 | Bailey   | Reached skill level 10 in Fighting
  4185 | Bailey   | Acquired the ring of Zionnoi {Drain rF+++ rC- rN+++ AC+4}
  4353 | D:8      | Found a staircase to the Lair.
  4441 | D:7      | Noticed a deep elf pyromancer
  4492 | D:8      | Killed a deep elf pyromancer
  4542 | D:7      | Noticed a green ugly thing
  4567 | D:7      | Killed a green ugly thing
  4728 | D:7      | Noticed a centaur warrior
  4752 | D:7      | Killed a centaur warrior
  4826 | D:7      | Reached XP level 12. HP: 98/106 MP: 13/13
  4910 | D:8      | Found an iron altar of Okawaru.
  4922 | D:8      | Became a worshipper of Warmaster Okawaru
  5064 | D:10     | Entered Level 10 of the Dungeon
  5356 | D:9      | Found a shadowy altar of Dithmenos.
  5404 | D:9      | Found a staircase to the Orcish Mines.
  5793 | D:10     | Reached * piety under Okawaru
  5794 | D:10     | Reached skill level 10 in Dodging
  5812 | D:10     | Found a hide-covered altar of Uskayaw.
  6048 | D:11     | Reached skill level 1 in Invocations
  6404 | D:11     | Found Qaocuc's Magic Scroll Emporium.
  6419 | D:11     | Bought a scroll of noise for 11 gold pieces
  6422 | D:11     | Bought a scroll of enchant weapon for 82 gold pieces
  6440 | D:11     | Noticed a two-headed ogre
  6488 | D:11     | Killed a two-headed ogre
  6488 | D:11     | Reached ** piety under Okawaru
  6709 | D:11     | Noticed a boulder beetle
  6767 | D:11     | Killed a boulder beetle
  6881 | D:12     | Noticed a two-headed ogre
  6889 | D:12     | Noticed a boulder beetle
  6890 | D:12     | Killed a two-headed ogre
  6890 | D:12     | Reached *** piety under Okawaru
  6945 | D:12     | Killed a boulder beetle
  6946 | D:12     | Reached XP level 13. HP: 108/114 MP: 15/17
  6964 | D:12     | Noticed Psyche
  6974 | D:12     | Killed Psyche
  7182 | Orc:1    | Entered Level 1 of the Orcish Mines
  7182 | Orc:1    | Found Muxo's General Store.
  7287 | Orc:1    | Reached **** piety under Okawaru
  7368 | Orc:1    | Reached skill level 5 in Invocations
  7436 | Orc:2    | Entered Level 2 of the Orcish Mines
  7627 | Orc:1    | Noticed a two-headed ogre
  7640 | Orc:1    | Killed a two-headed ogre
  7908 | Orc:2    | Reached ***** piety under Okawaru
  8175 | Orc:2    | Noticed an orc warlord
  8181 | Orc:2    | Noticed Nergalle
  8183 | Arena    | Entered the Arena
  8195 | Arena    | Killed an orc warlord
  8195 | Arena    | Received a gift from Okawaru
  8212 | Arena    | Entered the Arena
  8223 | Arena    | Killed Nergalle
  8248 | Orc:2    | Found Buill's Antique Weapon Shop.
  8304 | Orc:2    | Found Feplynid's General Store.
  8319 | Orc:2    | Found Puwnu's Book Shop.
  8336 | Orc:2    | Found Uricwil's Antique Armour Shop.
  8343 | Orc:2    | Bought a glowing cloak for 157 gold pieces
  8359 | Orc:2    | Bought a potion of resistance for 170 gold pieces
  8359 | Orc:2    | Bought a scroll of enchant weapon for 127 gold pieces
  8377 | Orc:2    | Found a staircase to the Elven Halls.
  8394 | Orc:2    | Found Hoerely's Assorted Antiques.
  8401 | Orc:2    | Bought a scroll of teleportation for 84 gold pieces
  8401 | Orc:2    | Bought a scroll labelled GAVESE OF EREO for 28 gold pieces
  8401 | Orc:2    | Bought a potion of curing for 84 gold pieces
  8401 | Orc:2    | Bought 2 potions of curing for 168 gold pieces
  8573 | D:12     | Noticed a two-headed ogre
  8582 | D:12     | Killed a two-headed ogre
  8583 | D:12     | Reached XP level 14. HP: 123/125 MP: 20/20
  9434 | D:14     | Received a gift from Okawaru
  9450 | D:14     | Reached skill level 10 in Armour
  9472 | D:14     | Reached skill level 10 in Invocations
  9506 | D:15     | Entered Level 15 of the Dungeon
  9514 | D:15     | Noticed Roxanne
  9662 | Lair:1   | Entered Level 1 of the Lair of Beasts
  9902 | Lair:2   | Received a gift from Okawaru
 10085 | Lair:2   | Received a gift from Okawaru
 10134 | Lair:2   | Identified the +5 short sword "Soseciul" {venom, rC+ rCorr
                  | Int+2}
 10382 | Lair:2   | Found a hole to the Spider Nest.
 10774 | Lair:3   | Reached XP level 15. HP: 68/133 MP: 25/25
 10815 | Lair:3   | Received a gift from Okawaru
 10949 | Lair:3   | Received a gift from Okawaru
 11026 | Lair:3   | Identified the scarf of Prudence {shadows, Rampage rC+}
                  | (Okawaru gifted it to you on level 3 of the Lair of Beasts)
 11026 | Lair:3   | Received a gift from Okawaru
 11122 | Lair:3   | Found a staircase to the Swamp.
 11329 | Lair:5   | Entered Level 5 of the Lair of Beasts
 11425 | Arena    | Entered the Arena
 11753 | Arena    | Entered the Arena
 12079 | Lair:5   | Reached XP level 16. HP: 95/144 MP: 26/26
 12414 | Lair:5   | Identified the amulet "Vuiwkaf" {rPois Regen+ Int+5 Dex-5
                  | Slay-3}
 12506 | Swamp:1  | Entered Level 1 of the Swamp
 12790 | Swamp:3  | Reached XP level 17. HP: 151/151 MP: 27/27
 12840 | Arena    | Entered the Arena
 12881 | Swamp:3  | Received a gift from Okawaru
 12887 | Swamp:3  | HP: 5/151 [goliath frog (7)]
 12887 | Swamp:3  | HP: 2/151 [acid (3)]
 12889 | Swamp:3  | Engulfed by a bog body's freezing vapour

Illustrated notes

Levels and vault maps discovered:
D:1:      dpeg_arrival_tiny_a, layout_basic, chequers_jeans
D:2:      layout_basic, minmay_misc_feat_columns, uniq_sigmund, uniq_robin
D:3:      layout_rooms, gammafunk_ghost_abyssal_escape
D:4:      cheibrodos_barr_body, layout_rooms, minmay_parallelograms,
          uniq_duvessa, uniq_crazy_yiuf_cottage
D:5:      gammafunk_wand_slinger, layout_basic, kennysheep_mini_moat,
          cheibrodos_sewer_entry_bend, serial_shops, nicolae_shop_waterfront,
          shop, nicolae_square_shop, nicolae_inconvenience_store,
          minmay_misc_feat_plants, chequers_garden, kennysheep_generic_room_6,
          uniq_eustachio, uniq_menkaure, uniq_ijyb
D:6:      layout_cave_pools
D:7:      minmay_klotski, layout_loops_ring, roderic_serpentine_path,
          uniq_maggie
D:8:      layout_basic, kennysheep_okawaru_gauntlet, lair_entry_dummy
D:9:      layout_basic, mainiacjoe_overflow_catwalk, orc_0_dummy,
          lightli_bailey_entry_fortress, uniq_harold
D:10:     nicolae_cairo_tiling, layout_basic, eat_drink_and_be_merry_uskayaw
D:11:     layout_layer_cave, serial_shops, shop, serial_bayou_ford_a
D:12:     layout_stronghold, uniq_psyche
D:13:     layout_stronghold, minmay_diced_spiral
D:14:     layout_roguey [special_room_orc], ximxim_vaults_locker_room,
          kennysheep_small_spiral, gauntlet_entry_generic
D:15:     gammafunk_depths_entry_grave, layout_irregular_city,
          grunt_ministairs_15, yredelemnul_altar_generic, uniq_agnes,
          uniq_louise, uniq_rupert, uniq_roxanne, uniq_josephine
Temple:   nicolae_temple_no_exploring_needed
Lair:1:   layout_cellular_growth, gammafunk_ghost_ooze, st_stairs_11
Lair:2:   beast_lair_carwin_large_4, layout_cave_pods,
          hellmonk_spider_entry_not_the_bees, chequers_serial_rivers_large_b
Lair:3:   layout_chaotic_city, minmay_swamp_entry_eels, st_stairs_6
Lair:4:   layout_hall_layers, grunt_forest_stairs_clearing
Lair:5:   due_jungle_book, layout_cellular_growth,
          minmay_slime_entry_oklob_enclosed, chequers_serial_rivers_micro_b,
          grunt_megastairs_3
Swamp:1:  nicolae_swamp_secret_spriggan_hideout, layout_basic_swamp,
          gammafunk_ghost_hydra_chop, evilmike_swamp_ruin_house_1, uniq_kirke
Swamp:2:  layout_basic_swamp, serial_swamp_ruin, evilmike_swamp_ruin_house_4,
          evilmike_swamp_ruin_house_3, swamp_pool2, nicolae_swamp_little_swirl
Swamp:3:  layout_basic_swamp, nicolae_swamp_small_spring,
          nicolae_swamp_orc_logging_accident
Orc:1:    layout_caves, serial_shops, shop
Orc:2:    grunt_orc_cross, layout_caves, special_room, basic_altar,
          serial_shops, nicolae_shop_advertising_works
          [nicolae_subvault_shop_adworks]

Skill      XL: |  1  2  3  4  5  6  7  8  9 10 11 12 13 14 15 16 17 |
---------------+----------------------------------------------------+-----
Long Blades    | 3 5 6 9 10 11 12 14 | 14.9
Dodging        | 1 2 3 7 8 9 10 11 12 13 14 | 14.0
Fighting       | 4 5 8 9 10 11 12 13 | 13.7
Throwing       | 1 2 4 5 6 7 8 9 |  9.7
Armour         | 4 7 8 9 10 11 | 11.3
Shields        | 4 6 7 8 |  8.2
Evocations     | 1 2 5 6 7 8 9 |  9.6
Invocations    | 4 7 12 13 | 13.2

Action                     |  1- 3 |  4- 6 |  7- 9 | 10-12 | 13-15 | 16-18 || total
---------------------------+-------+-------+-------+-------+-------+-------++-------
  Melee: Long sword        |    50 |   117 |   248 |   872 |   237 |       ||  1524
         Scimitar          |       |       |       |       |  1412 |   252 ||  1664
 Invoke: Heroism           |       |       |       |     2 |    15 |     4 ||    21
         Duel              |       |       |       |       |     4 |     1 ||     5
         Finesse           |       |       |       |       |     1 |     1 ||     2
  Evoke: Wand              |       |       |       |    17 |    15 |       ||    32
    Use: Potion            |     1 |     1 |     4 |     6 |     6 |     3 ||    21
         Scroll            |       |     4 |    10 |    13 |     6 |       ||    33
   Stab: Petrified         |       |       |       |       |     4 |       ||     4
 Armour: Scale mail        |    31 |    25 |       |   228 |   727 |    75 ||  1086
         Plate armour      |       |    66 |   113 |   251 |       |       ||   430
         Skin              |       |       |    15 |       |    11 |       ||    26
  Dodge: Dodged            |    22 |    34 |    47 |   344 |   916 |   115 ||  1478
  Block: Buckler           |    17 |    30 |    48 |   293 |   384 |       ||   772
         Kite shield       |       |       |       |       |   434 |   121 ||   555

Table legend: (Time is in decaauts)
 A = Elapsed time spent in this place.
 B = Non-inter-level travel time spent in this place.
 C = Inter-level travel time spent in this place.
 D = Time resting spent in this place.
 E = Time spent auto-exploring this place.
 F = Levels seen in this place.
 G = Mean time per level.
                   A        B        C        D        E       F      G
               +--------+--------+--------+--------+--------+-----+--------+
         Total |  12497 |  10363 |   2134 |    203 |      0 |  33 |  378.7 |
       Dungeon |   7871 |   6375 |   1496 |    110 |      0 |  15 |  524.7 |
        Temple |      1 |      1 |      0 |      0 |      0 |   1 |    1.0 |
          Lair |   2656 |   2196 |    460 |      0 |      0 |   5 |  531.2 |
         Swamp |    329 |    310 |     19 |      0 |      0 |   3 |  109.7 |
  Orcish Mines |   1028 |    870 |    158 |      4 |      0 |   2 |  514.0 |
         Sewer |    166 |    166 |      0 |     34 |      0 |   1 |  166.0 |
        Bailey |    325 |    325 |      0 |      0 |      0 |   1 |  325.0 |
         Arena |    118 |    118 |      0 |     54 |      0 |   5 |   23.6 |
               +--------+--------+--------+--------+--------+-----+--------+

Top non-repeatable levels by time:
     D:9: 1011 daAuts
     D:5: 956 daAuts
  Lair:5: 927 daAuts
  Lair:2: 864 daAuts
     D:7: 841 daAuts
    D:11: 714 daAuts
    D:12: 662 daAuts
     D:8: 651 daAuts
    D:10: 615 daAuts
     D:4: 581 daAuts
   Orc:2: 572 daAuts
   Orc:1: 455 daAuts
    D:13: 428 daAuts
  Lair:3: 426 daAuts
     D:3: 364 daAuts
